 Dungeon Crawl Stone Soup version 0.30.1-9-gdf580d7c3d (webtiles) character file.

Game seed: 12077873615517046220

9 monsoonserge the Grasshopper (level 2, -1/22 HPs)
             Began as a Demonspawn Warper on Oct 24, 2023.
             Frozen to death by an endoplasm (4 damage)
             ... on level 2 of the Dungeon.
             The game lasted 00:01:16 (494 turns).

monsoonserge the Grasshopper (Demonspawn Warper)     Turns: 494, Time: 00:01:17

Health: -1/22      AC:  6    Str: 11    XL:     2   Next: 6%
Magic:  5/5        EV:  9    Int: 14    God:
Gold:   54         SH:  0    Dex: 12    Spells: 5/5 levels left

rFire   . . .        a - +0 falchion
rCold   . . .        (no shield)
rNeg    . . .        h - +0 scale mail
rPois   .            (no helmet)
rElec   .            (no cloak)
rCorr   .            (no gloves)
SInv    .            (no boots)
Will    .....        (no amulet) Stlth
                     (no ring)
HPRegen 0.23/turn    (no ring)
MPRegen 0.09/turn

%: no passive effects
@: no status effects
A: demonic magic 1
a: no special abilities


You were on level 2 of the Dungeon.
You visited 1 branch of the dungeon, and saw 2 of its levels.

You collected 54 gold pieces.

Inventory:

Hand Weapons
 a - a +0 falchion (weapon)
Missiles
 d - 7 boomerangs of dispersal (quivered)
Armour
 b - a +0 leather armour
 h - a +0 scale mail (worn)
Scrolls
 c - a scroll of blinking
 f - a scroll of poison {unknown}
 g - a scroll of vulnerability {unknown}
Potions
 e - a potion of attraction {unknown}


   Skills:
 + Level 2.0 Fighting
 - Level 2.1 Long Blades
 + Level 0.8 Throwing
 * Level 0.8 Armour
 + Level 1.8 Dodging
 + Level 2.1 Spellcasting
 + Level 2.8 Translocations


You had 5 spell levels left.
You didn't know any spells.
Your spell library contained the following spells:

 Spells                   Type           Power      Damage    Failure   Level
 Blink                    Tloc           18%        N/A       56%         2
 Lesser Beckoning         Tloc           18%        N/A       56%         2
 Teleport Other           Tloc           9%         N/A       80%         3
 Vhi's Electric Charge    Tloc/Air       10%        N/A       94%         3
 Manifold Assault         Tloc           9%         N/A       99%         4


Dungeon Overview and Level Annotations

Branches:
Dungeon (2/15)

Altars:


Innate Abilities, Weirdness & Mutations

Spells you cast may paralyse adjacent enemies.


Message History

The ball python constricts you. The endoplasm freezes you.
You are frozen.
Unknown command.
You closely miss the ball python. The ball python bites you.
The ball python constricts you. The giant cockroach barely misses you.
The endoplasm freezes you.
You are frozen.
You closely miss the ball python. The ball python bites you.
The ball python constricts you. The giant cockroach barely misses you.
The endoplasm freezes you.
You are frozen.
The ball python bites you. The ball python constricts you.
You barely miss the ball python.
The giant cockroach bites you but does no damage.
The ball python bites you. The ball python constricts you.
The endoplasm freezes you.
You are frozen.
The giant cockroach bites you but does no damage.
You completely miss the ball python.
The ball python bites you but does no damage.
The ball python constricts you.
The endoplasm hits you but does no damage.
The giant cockroach bites you but does no damage.
The hobgoblin hits you.
* * * LOW HITPOINT WARNING * * *
The ball python bites you but does no damage.
The ball python constricts you.
* * * LOW HITPOINT WARNING * * *
You slash the ball python!
You kill the ball python!
The giant cockroach bites you but does no damage.
The hobgoblin hits you but does no damage.
The endoplasm hits you but does no damage.
A dart slug comes into view.
The giant cockroach bites you but does no damage.
The hobgoblin hits you.
* * * LOW HITPOINT WARNING * * *
The endoplasm freezes you.
You are frozen.
You die...

######...#
# ........#
.# .......
..#
.....##..#
........
..... ##J.#
.######B@.#
.w......g.#
..........#
..........#
..........+
..........#
#.........#
#.........#
#.........#


You could see a dart slug (wandering), an endoplasm, a giant cockroach and a
hobgoblin.

Vanquished Creatures
  An endoplasm (D:1)
  A quokka (D:1)
  4 ball pythons
  A bat (D:1)
  A goblin (D:1)
  A kobold (D:1)
  3 rats (D:1)
12 creatures vanquished.

Notes
Turn   | Place    | Note
-------+----------+-------------------------------------------
     0 | D:1      | monsoonserge the Demonspawn Warper began the quest for the
                  | Orb.
     0 | D:1      | Reached XP level 1. HP: 16/16 MP: 3/3
   150 | D:1      | Found a faded altar of an unknown god.
   290 | D:1      | Gained mutation: Spells you cast may paralyse adjacent
                  | enemies. [demonic ancestry]
   290 | D:1      | Reached XP level 2. HP: 22/22 MP: 5/5
   494 | D:2      | Frozen to death by an endoplasm

Illustrated notes

Levels and vault maps discovered:
D:1:      dpeg_arrival_shelter, layout_rooms, dreamdust_ecumenical_altar_grove
D:2:      layout_basic

Skill      XL: |  1 |
---------------+----+-----
Long Blades    | 2 |  2.1
Fighting       | |  2.0
Throwing       | |  0.8
Armour         | |  0.8
Dodging        | |  1.8
Spellcasting   | |  2.1
Translocations | |  2.8

Action                     || total
---------------------------++-------
  Melee: Falchion          ||    36
         Punch             ||     1
 Armour: Leather armour    ||    16
         Scale mail        ||    14
  Dodge: Dodged            ||    22
